 Dungeon Crawl Stone Soup version 0.21-a0-504-g2eda330 (webtiles) character file.

1246 Roak the Basher (level 8, -2/58 HPs)
             Began as an Octopode Fighter on Nov 26, 2017.
             Was an Initiate of Gozag.
             Slain by an orc warrior
             ... wielding a +0 short sword
              (13 damage)
             ... on level 6 of the Dungeon.
             The game lasted 00:31:27 (5466 turns).

Roak the Basher (Octopode Fighter)                  Turns: 5466, Time: 00:31:29

Health: -2/58      AC:  1    Str: 17    XL:     8   Next: 50%
Magic:  17/17      EV: 14    Int: 12    God:    Gozag
Gold:   308        SH:  0    Dex: 12    Spells: 7/7 levels left

rFire    . . .     SeeInvis .   a - +3 mace (crush)
rCold    . . .     Gourm    .   (no shield)
rNeg     + . .     Faith    .   (helmet restricted)
rPois    .         Spirit   .   (no amulet)
rElec    .         Reflect  .   m - ring of magical power
rCorr    .         Harm     .   n - +2 ring of intelligence
MR       .....                  G - ring of positive energy (curse)
Stlth    ++........             (no ring)
HPRegen  0.19/turn              (no ring)
MPRegen  0.15/turn              (no ring)
                                (no ring)
                                (no ring)

@: gold aura
A: almost no armour, stealthy swim, amphibious, 8 rings, constrict 8, camouflage
1, gelatinous body 1
a: Potion Petition, Call Merchant, Bribe Branch, Renounce Religion


You were on level 6 of the Dungeon.
You worshipped Gozag.
Gozag was aware of your devotion.
You were not hungry.

You visited 2 branches of the dungeon, and saw 7 of its levels.
You also visited: Sewer.

You collected 403 gold pieces.
You paid 95 gold pieces to Gozag.

Inventory:

Hand Weapons
 a - a +3 mace of crushing (weapon)
Missiles
 e - 35 sling bullets
 z - 2 tomahawks (quivered)
 F - 45 poisoned needles
Armour
 b - a +0 shield
Jewellery
 i - an uncursed amulet of harm
 m - a ring of magical power (left tentacle)
 n - a +2 ring of intelligence (right tentacle)
 E - an uncursed ring of ice
 G - a cursed ring of positive energy (on tentacle)
Wands
 v - a wand of clouds (6)
 y - a wand of flame (30)
 I - a wand of acid (5)
Scrolls
 f - 5 scrolls of teleportation
 p - a scroll of magic mapping
 q - a scroll of fear
 t - 2 scrolls of blinking
 A - a scroll of remove curse
 H - a scroll of enchant armour {unknown}
Potions
 c - 3 potions of might
 g - 2 potions of flight
 h - a potion of agility {unknown}
 j - a potion of cancellation {unknown}
 k - 2 potions of haste
 o - 3 potions of heal wounds
 r - 2 potions of berserk rage
 u - 2 potions of magic
 x - a potion of curing
 B - a potion of degeneration {unknown}
 D - a potion of brilliance {unknown}
Comestibles
 d - 2 bread rations
 l - 3 meat rations
 s - a royal jelly
 w - 4 fruits
 C - 2 chunks of flesh


   Skills:
 + Level 6.3 Fighting
 * Level 8.2 Maces & Flails
 + Level 3.2 Dodging
 + Level 3.2 Shields


You had 7 spell levels left.
You didn't know any spells.

Dungeon Overview and Level Annotations

Branches:
Dungeon (6/15)             Temple (1/1) D:5

Altars:
Ashenzari
Cheibriados
Dithmenos
Elyvilon
Fedhas
Gozag
Hepliaklqana
Kikubaaqudgha
Makhleb
Nemelex Xobeh
Okawaru
Qazlal
Sif Muna
Trog
Uskayaw
Vehumet
Xom
Yredelemnul
Zin
The Shining One


Innate Abilities, Weirdness & Mutations

You cannot wear most types of armour.
You are very stealthy in the water. (Stealth+)
You are amphibious.
You can wear up to eight rings at the same time.
You can use your tentacles to constrict eight enemies at once.
Your skin changes colour to match your surroundings (Stealth+).
Your rubbery body absorbs attacks. (AC +1, EV +1)


Message History

You constrict the orc warrior.
The orc is distracted by the nearby gold.
The orc warrior hits you with a short sword!!
* * * LOW HITPOINT WARNING * * *
The orc shouts!
You hit the orc warrior.
The orc warrior is moderately wounded.
You constrict the orc warrior, but do no damage.
You hear a shout!
The orc warrior hits you with a short sword.
* * * LOW HITPOINT WARNING * * *
An adder skeleton comes into view.
You sock the orc warrior!
You squeeze the orc warrior, but do no damage.
The orc warrior is severely wounded.
You constrict the orc warrior.
The orc is no longer distracted by gold.
The orc warrior hits you with a short sword!
You die...
Your body crumbles into a pile of gold.

######## # #oo@.Z.#.#
#o####.#.#.###
#.#...........
########.#.##.#.#<..# #
.........# #.#.# .#.#
.........# #.#.# ...
...o.....#.##.#.###.#.#
..o.:....#>............
.o.......#.#..#..#.##.


You could see an orc warrior, an orc wizard, an orc and an adder skeleton.

Vanquished Creatures
  2 ogres
  A centaur (D:5)
  A crocodile (Sewer)
  A bullfrog (D:6)
  2 howler monkeys (D:5)
  A crimson imp (D:6)
  A gnoll shaman (D:4)
  A hound (D:4)
  A jelly (D:5)
  5 orc wizards
  3 orc priests
  A bullfrog skeleton (D:5)
  Jessica (D:3)
  An iguana (D:4)
  3 worker ants
  Natasha (twice) (D:4)
  3 gnolls (D:4)
  5 adders
  7 oozes
  3 worms
  4 dart slugs
  4 leopard geckos
  16 orcs
  3 ball pythons
  13 bats
  7 giant cockroaches
  4 goblins
  3 hobgoblins
  12 jackals
  3 kobolds
  A ball python skeleton (D:4)
  A frilled lizard (D:2)
  A jackal skeleton (D:5)
  A jackal zombie (D:6)
  12 rats
  A plant (D:5)
131 creatures vanquished.

Notes
Turn   | Place    | Note
-------+----------+-------------------------------------------
     0 | D:1      | Roak the Octopode Fighter began the quest for the Orb.
     0 | D:1      | Reached XP level 1. HP: 16/16 MP: 1/1
     6 | D:1      | Found a runed door.
    27 | D:1      | Found a sparkling altar of Nemelex Xobeh.
   193 | D:1      | Reached XP level 2. HP: 20/21 MP: 2/2
   401 | D:1      | Reached skill level 3 in Maces & Flails
   403 | D:1      | Reached XP level 3. HP: 21/26 MP: 3/3
   678 | D:2      | Reached XP level 4. HP: 33/33 MP: 4/4
   738 | D:2      | Found a faded altar of an unknown god.
  1121 | D:2      | Found a basalt altar of Yredelemnul.
  1293 | D:2      | Reached skill level 4 in Maces & Flails
  1445 | D:3      | Reached XP level 5. HP: 17/37 MP: 5/5
  1720 | D:3      | Noticed Jessica
  1723 | D:3      | Killed Jessica
  2007 | D:3      | Reached skill level 5 in Maces & Flails
  2657 | D:4      | Found a glowing drain.
  2659 | D:4      | Reached XP level 6. HP: 37/44 MP: 6/6
  2734 | Sewer    | Entered a sewer
  3061 | D:4      | Found a hide-covered altar of Uskayaw.
  3187 | D:4      | Reached skill level 6 in Maces & Flails
  3555 | D:4      | Reached skill level 5 in Fighting
  3555 | D:4      | Reached XP level 7. HP: 24/50 MP: 7/7
  4204 | D:4      | Noticed Natasha
  4281 | D:4      | Killed Natasha
  4373 | D:4      | Noticed Natasha
  4386 | D:4      | Killed Natasha
  4405 | D:5      | Entered Level 5 of the Dungeon
  4444 | D:5      | Reached skill level 7 in Maces & Flails
  4592 | D:5      | Reached XP level 8. HP: 51/57 MP: 8/8
  4840 | D:5      | Found a staircase to the Ecumenical Temple.
  4851 | Temple   | Entered the Ecumenical Temple
  5054 | D:5      | Reached skill level 8 in Maces & Flails
  5219 | D:5      | Found a stormy altar of Qazlal.
  5289 | D:5      | Found a deep blue altar of Sif Muna.
  5289 | D:5      | Found a hazy altar of Hepliaklqana.
  5290 | D:5      | Found an opulent altar of Gozag.
  5307 | D:5      | Became a worshipper of Gozag Ym Sagoz the Greedy
  5466 | D:6      | Slain by an orc warrior

Vault maps used:
D:1:      dpeg_arrival_caged_fury, nemelex_xobeh_ov_fountains_minmay
D:2:      lemuel_crystal_altar, chequers_ecumenical_altar_simple,
          eino_tiny_chamber
D:3:      hangedman_decor_diamond_cutter, uniq_jessica
D:4:      eat_drink_and_be_merry_uskayaw, cheibrodos_sewer_entry_drain,
          first_bread, uniq_natasha
D:5:      nicolae_qazlal_eye_of_the_storm, gammafunk_temple_overflow_forgotten,
          temple_green, kennysheep_generic_room_3
Temple:   dshaligram_water_room_temple
Sewer:    sewer_big_baddie

Skill      XL: |  1  2  3  4  5  6  7  8 |
---------------+-------------------------+-----
Maces & Flails | 3 4 5 6 7 8 |  8.2
Fighting       | 4 5 6 |  6.3
Dodging        | |  3.2
Shields        | |  3.2

Action                   |  1- 3 |  4- 6 |  7- 9 || total
-------------------------+-------+-------+-------++-------
Melee: Flail             |    57 |    90 |       ||   147
       Constrict         |    16 |    32 |    25 ||    73
       Tentacles         |    11 |    23 |    24 ||    58
       Mace              |       |    36 |    90 ||   126
Throw: Tomahawk          |       |     3 |     5 ||     8
Invok: Potion Petition   |       |       |     1 ||     1
  Use: Scroll            |       |    12 |     2 ||    14
 Stab: Sleeping          |     3 |     5 |     5 ||    13
       Distracted        |       |     1 |       ||     1
  Eat: Chunk             |       |     4 |     6 ||    10
       Bread ration      |       |     1 |       ||     1
Armor: Skin              |     4 |    11 |     3 ||    18
Dodge: Dodged            |    33 |    65 |    26 ||   124

Table legend:
 A = Spawn XP
 B = Non-spawn XP
 C = Spawn XP percentage of total XP
 D = Spawn monster count
 E = Non-spawn monster count
 F = Spawn count percentage of total count
 G = Total turns spent on level
                    A         B        C        D         E        F      G
               +---------+---------+-------+---------+---------+-------+---------
         Total |       0 |    1780 |   0.0 |       0 |     130 |   0.0 |  5466
               +---------+---------+-------+---------+---------+-------+---------
           D:1 |       0 |      72 |   0.0 |       0 |      26 |   0.0 |   627
           D:2 |       0 |      56 |   0.0 |       0 |      22 |   0.0 |   697
           D:3 |       0 |     184 |   0.0 |       0 |      22 |   0.0 |  1315
           D:4 |       0 |     560 |   0.0 |       0 |      26 |   0.0 |  1551
           D:5 |       0 |     652 |   0.0 |       0 |      20 |   0.0 |   853
           D:6 |       0 |     148 |   0.0 |       0 |       8 |   0.0 |   140
         Sewer |       0 |     108 |   0.0 |       0 |       6 |   0.0 |   215
               +---------+---------+-------+---------+---------+-------+---------
